 Dungeon Crawl Stone Soup version 0.29-a0-559-g359e09b (webtiles) character file.

Game seed: 6471477772982537349

10 BingusPrime the Insei (level 2, 22/22 HPs)
             Began as a Djinni Transmuter on June 10, 2022.
             Quit the game on level 1 of the Dungeon.
             The game lasted 00:02:48 (483 turns).

BingusPrime the Insei (Djinni Transmuter)            Turns: 483, Time: 00:02:49

Health: 22/22      AC:  2    Str:  9    XL:     2   Next: 30%
Gold:   12         EV: 12    Int: 14    God:
                   SH:  0    Dex: 13

rFire   + + .      SeeInvis .     - Unarmed
rCold   x . .      Faith    .   (no shield)
rNeg    . . .      Spirit   .   a - +0 robe
rPois   ∞          Reflect  .   (no helmet)
rElec   .          Harm     .   (no cloak)
rCorr   .          Rampage  .   (no gloves)
Will    .....                   (boots unavailable)
Stlth   +.........              (no amulet)
HPRegen 0.07/turn               (no ring)
MPRegen 0.00/turn               (no ring)

@: flying
A: sickness immunity, fire resistance 2, cold vulnerability 1, float, innate
caster, HP casting, extra vitality 1
a: no special abilities


You were on level 1 of the Dungeon.
You visited 1 branch of the dungeon, and saw 1 of its levels.

You collected 12 gold pieces.

Inventory:

Armour
 a - a +0 robe (worn)
Scrolls
 c - a scroll of noise {unknown}
 d - a scroll of fear {unknown}
 e - a scroll of immolation {unknown}
Potions
 b - a potion of lignification


   Skills:
 + Level 1.3 Fighting
 + Level 2.4 Dodging
 + Level 3.1 Unarmed Combat
 + Level 1.7 Spellcasting


You couldn't memorise any spells.
You knew the following spells:

 Your Spells              Type           Power      Damage    Failure   Level
a - Beastly Appendage     Tmut           12%        N/A       12%         1
b - Wereblood             Tmut           6%         N/A       19%         2
c - Spider Form           Tmut/Pois      6%         N/A       34%         3
d - Ice Form              Ice/Tmut       6%         N/A       75%         4
Your spell library was empty.

Dungeon Overview and Level Annotations

Branches:
Dungeon (1/15)

Altars:


Innate Abilities, Weirdness & Mutations

You are immune to sickness and miasma.
You are immune to poison.
Your flesh is very heat resistant. (rF++)
You are vulnerable to cold. (rC-)
You float through the air rather than walking.
You learn spells naturally, not from books.
Your magical power is your life essence.
You have superior vitality. (+4 MHP)


Message History

The hobgoblin is severely wounded.
The hobgoblin hits you.
You hit the hobgoblin but do no damage. Your headbutt misses the hobgoblin.
The hobgoblin is severely wounded.
The hobgoblin misses you.
You closely miss the hobgoblin.
The hobgoblin is severely wounded.
The hobgoblin hits you.
You barely miss the hobgoblin.
You headbutt the hobgoblin, but do no damage.
The hobgoblin is severely wounded.
Your transformation is almost over.
The hobgoblin misses you.
You hit the hobgoblin.
You kill the hobgoblin!
You hit the rat. You headbutt the rat.
You kill the rat!
Things that are here:
a rat corpse; a hobgoblin corpse You start resting.
Your horns disappear.
HP restored.
A rat comes into view.
You barely miss the rat. The rat bites you but does no damage.
You hit the rat but do no damage. The rat closely misses you.
You hit the rat.
The rat is heavily wounded.
The rat bites you.
You hit the rat.
You kill the rat!
You see here a rat corpse.
Found a club.
You see here a +0 club.
Found a robe.
Unknown command.
Unknown command.
You aren't wearing any rings or amulets.
You see here a bat skeleton.
You see here a +0 whip.
Are you sure you want to abandon this character and quit the game? (Confirm with "yes".)

#.# #.###.####..###..
##.# #.# #.# #.......
#..# #.# #.# #..###.#
#.## #.# #.. #..##..#
#.# #.###.# ........#
#.# #..##....######..
#.# #..##...# #.. #
#.# ##..# #.# ...
#.#.# #@#.###. ....
#.#.### #.###..#
##... #.....# ##
#...# # ###.#.#
#..#.# #.#.#
######..#.##... #.#.#
#..............
#.#.###.####..#######
#........# #..#
###...##.# #).#


There were no monsters in sight!

Vanquished Creatures
  A dart slug (D:1)
  A bat (D:1)
  A giant cockroach (D:1)
  A hobgoblin (D:1)
  A kobold (D:1)
  3 rats (D:1)
8 creatures vanquished.

Notes
Turn   | Place    | Note
-------+----------+-------------------------------------------
     0 | D:1      | BingusPrime the Djinni Transmuter began the quest for the
                  | Orb.
     0 | D:1      | Reached XP level 1. HP: 17/17 MP: 0/0
   143 | D:1      | Reached XP level 2. HP: 15/22 MP: 0/0
   483 | D:1      | Quit the game

Illustrated notes

Levels and vault maps discovered:
D:1:      erik_arrival_triangle_small, layout_loops_ring, minmay_cupped

Action                   || total
-------------------------++-------
Melee: Unarmed           ||    28
       Headbutt          ||     5
       Punch             ||     1
 Cast: Beastly Appendage ||     5
Armor: Robe              ||     5
Dodge: Dodged            ||    16

Table legend: (Time is in decaauts)
 A = Elapsed time spent in this place.
 B = Non-inter-level travel time spent in this place.
 C = Inter-level travel time spent in this place.
 D = Time resting spent in this place.
 E = Time spent auto-exploring this place.
 F = Levels seen in this place.
 G = Mean time per level.
                   A        B        C        D        E       F      G
               +--------+--------+--------+--------+--------+-----+--------+
         Total |    481 |    297 |    184 |    203 |      0 |   1 |  481.0 |
       Dungeon |    481 |    297 |    184 |    203 |      0 |   1 |  481.0 |
               +--------+--------+--------+--------+--------+-----+--------+

Top non-repeatable levels by time:
     D:1: 481 daAuts
